Cogmind - Beta 11.1 *** ADVENTURER MODE // 2022.04.25 @ 00:41:29 Player: TheRhizome Result: Self-destructed Performance ------------- Evolutions (1) 500 Regions Visited (3) 600 Robots Destroyed (14) 70 Value Destroyed (303) 303 Prototype IDs (1) 20 Alien Tech Used (0) 0 Bonus (200) 200 TOTAL SCORE: 1693 Bonus ------- Pacifist 200 Cogmind --------- Core Integrity 285/400 Matter 300/300 Energy 125/125 System Corruption 0% Temperature Cool (12) Movement Core (350) Ox6 Location -9/Materials Parts ------- > --- POWER (1) -------- Light Ion Engine > --- PROPULSION (2) --- (None) > --- UTILITY (4) ------ Heat Sink Medium Storage Unit Signal Interpreter > --- WEAPON (2) ------- Particle Gun Particle Gun > --- INVENTORY (10) --- Light Ion Engine Improved Flight Unit Improved Flight Unit Improved Flight Unit Improved Flight Unit Improved Flight Unit Medium Laser Particle Gun Particle Gun Grenade Launcher Peak State ------------ > --- POWER ------------ Light Ion Engine > --- PROPULSION ------- Improved Flight Unit Improved Flight Unit > --- UTILITY ---------- Heat Sink Medium Storage Unit Signal Interpreter Tractor Beam > --- WEAPON ----------- Light Assault Rifle Light Assault Rifle > --- INVENTORY -------- Light Ion Engine Wheel Medium Laser Particle Gun Particle Gun Particle Gun Particle Gun Grenade Launcher [Rating: 14] Favorites ----------- Power Light Ion Engine Engine Light Ion Engine Propulsion Wheel Wheel Wheel Flight Unit Improved Flight Unit Utility Medium Storage Unit Device Tractor Beam Storage Medium Storage Unit Processor Signal Interpreter Weapon Light Assault Rifle Energy Gun Particle Gun Ballistic Gun Light Assault Rifle Build | -11 -10 -10 -9 ------- Run | Scr Mat Min Mat Slots Evolved 2 | . . . 2 Power . | . . . . Propulsion . | . . . . Utility 2 | . . . 2 Weapon . | . . . . Parts Attached 16 | 6 1 . 9 Power 1 | 1 . . . Engine 1 | 1 . . . Core . | . . . . Reactor . | . . . . Propulsion 5 | 2 . . 3 Treads . | . . . . Leg . | . . . . Wheel 3 | 2 . . 1 Hover . | . . . . Flight 2 | . . . 2 Utility 6 | 1 1 . 4 Device 3 | . . . 3 Storage 2 | 1 1 . . Processor 1 | . . . 1 Hackware . | . . . . Protection . | . . . . Artifact . | . . . . Weapon 4 | 2 . . 2 Energy Gun 2 | . . . 2 Energy Cannon . | . . . . Ballistic Gun 2 | 2 . . . Ballistic Cannon . | . . . . Launcher . | . . . . Special Weapon . | . . . . Impact Weapon . | . . . . Slashing Weapon . | . . . . Piercing Weapon . | . . . . Special Melee Weapon . | . . . . Unidentified Prototypes 1 | . . . 1 Parts Lost 3 | . . . 3 Power . | . . . . Propulsion 2 | . . . 2 Utility 1 | . . . 1 Weapon . | . . . . Highest Loss Streak 2 | . . . 2 To Critical Strikes . | . . . . Average Slot Usage (%) 83 | . 85 85 83 Engine 11 | . 14 14 11 Wheel 18 | . 28 28 14 Device 13 | . . . 18 Storage 11 | . 14 14 11 Processor 4 | . . . 6 Energy Gun 3 | . . . 5 Ballistic Gun 19 | . 28 28 16 Naked Turns . | . . . . Heaviest Build 21 | 10 15 15 21 Greatest Support 26 | 26 26 26 26 Greatest Overweight (x) 6 | . . . 6 Average Overweight (x) . | . . . . Largest Inventory Capacity 10 | 8 10 10 10 Average Capacity 9 | 7 8 10 10 Most Carried 10 | 2 4 3 10 Average Carried 5 | 1 2 3 7 Final Capacity 10 | 8 10 10 10 Final Carried 10 | 2 3 3 10 Class Distribution -------------------- 100% | Mutant Dominant Class ---------------- Mutant | -10/Materials Mutant | -10/Mines Mutant | -9/Materials Resources | -11 -10 -10 -9 ----------- Run | Scr Mat Min Mat Matter Collected 431 | 199 . 20 212 Remotely 212 | . . . 212 Salvage Created 574 | . . . 574 Parts 32 | . . . 32 Haulers Intercepted 2 | . . . 2 Recyclers Shooed 1 | . . . 1 Parts Field Recycled . | . . . . Retrieved Matter . | . . . . Parts Self-Destructed . | . . . . Prevented . | . . . . Kills | -11 -10 -10 -9 ------- Run | Scr Mat Min Mat Combat Hostiles Destroyed 9 | . . . 9 Guns 9 | . . . 9 Classes Destroyed 6 | . . . 6 Hauler 2 | . . . 2 Recycler 2 | . . . 2 Watcher 1 | . . . 1 Swarmer 2 | . . . 2 Grunt 6 | . . . 6 Duelist 1 | . . . 1 Best Kill Streak 6 | . . . 6 Combat Bots Only 3 | . . . 3 Max Kills in Single Turn 1 | . . . 1 Gunslinging . | . . . . Exploded . | . . . . Melee . | . . . . Uniques/NPCs Destroyed . | . . . . Combat | -11 -10 -10 -9 -------- Run | Scr Mat Min Mat Damage Taken 453 | . . . 453 Core 115 | . . . 115 Absorbed by Shields . | . . . . Core Remaining (%) 100 | 100 . 100 . Volleys Fired 41 | . 1 . 40 Largest 2 | . 2 . 2 Hottest 130 | . 40 . 130 Shots Fired 82 | . 2 . 80 Gun 82 | . 2 . 80 Cannon . | . . . . Launcher . | . . . . Special . | . . . . Kinetic 76 | . 2 . 74 Thermal 6 | . . . 6 Explosive . | . . . . Electromagnetic . | . . . . Robot Hit Streak 39 | . 1 . 39 Robot Miss Streak 3 | . 1 . 3 Penetration Max . | . . . . Secondary Targets 1 | . . . 1 Max Gunslinging Chain 1 | . . . 1 Shots Hit Robots 70 | . 1 . 69 Core Hits 31 | . . . 31 Critical Kills . | . . . . Critical Parts Destroyed 2 | . . . 2 Critical Strikes 2 | . . . 2 Destroy 2 | . . . 2 Melee Attacks . | . . . . Impact . | . . . . Slashing . | . . . . Piercing . | . . . . Sneak Attacks . | . . . . Combat Hostiles . | . . . . Follow-up Attacks . | . . . . Damage Inflicted 603 | . 7 . 596 Guns 601 | . 7 . 594 Cannons . | . . . . Explosions . | . . . . Melee . | . . . . Ramming 2 | . . . 2 Kinetic 539 | . 7 . 532 Thermal 62 | . . . 62 Explosive . | . . . . Electromagnetic . | . . . . Impact . | . . . . Slashing . | . . . . Piercing . | . . . . Highest Corruption . | . . . . Average Corruption . | . . . . Corruption Purged . | . . . . Corruption Blocked . | . . . . Overload Shots . | . . . . Overflow Damage . | . . . . Projectiles . | . . . . Explosions . | . . . . Melee . | . . . . Knockbacks . | . . . . Impact . | . . . . Kinetic . | . . . . Secondary . | . . . . Self-Inflicted Damage 1 | . . . 1 Shots . | . . . . Rammed 1 | . . . 1 Targets Rammed 1 | . . . 1 Kicked . | . . . . Crushed . | . . . . Highest Temperature 108 | . . . 108 Average Temperature 56 | . . . 56 Received Heat Transfer 207 | . . . 207 Siege Activations . | . . . . Robots Corrupted . | . . . . Combat Hostiles . | . . . . Parts Fried . | . . . . Impact Corruptions . | . . . . Robots Melted . | . . . . Combat Hostiles . | . . . . Parts Melted . | . . . . Heat Transferred 148 | . . . 148 Parts Sabotaged . | . . . . Parts Stolen . | . . . . Parts Stripped . | . . . . Power Chain Reactions . | . . . . Missiles Intercepted . | . . . . Alert | -11 -10 -10 -9 ------- Run | Scr Mat Min Mat Peak Influence 359 | . 15 4 359 Initial 4 | . . 4 1 Average 106 | . 5 4 158 Maximum Alert Level 1 | . . . 1 Low Security (%) 69 | 100 100 100 54 Level 1 30 | . . . 45 Level 2 . | . . . . Level 3 . | . . . . Level 4 . | . . . . Level 5 . | . . . . High Security . | . . . . Max Security . | . . . . Squads Dispatched 2 | . . . 2 Investigation . | . . . . Extermination . | . . . . Reinforcement 2 | . . . 2 Assault . | . . . . Garrison . | . . . . Intercept . | . . . . Searches Triggered . | . . . . Construction Impeded . | . . . . Haulers Reinforced . | . . . . Active Scanning Responses . | . . . . Cargo Convoy Interrupts . | . . . . Stealth | -11 -10 -10 -9 --------- Run | Scr Mat Min Mat Distress Signals 2 | . 1 . 1 Communications Jammed . | . . . . Distress Signals . | . . . . Times Spotted 29 | . 2 2 25 Peak Tracking Total 10 | . 3 2 10 Tactical Retreats 3 | . . . 3 Traps | -11 -10 -10 -9 ------- Run | Scr Mat Min Mat Traps Triggered . | . . . . Indirectly . | . . . . Trap Hack Attempts . | . . . . Triggered . | . . . . Disarmed . | . . . . Reprogrammed . | . . . . Reused . | . . . . Traps Extracted . | . . . . Installed . | . . . . Triggered . | . . . . Machines | -11 -10 -10 -9 ---------- Run | Scr Mat Min Mat Machines Disabled . | . . . . Max in Single Turn . | . . . . Machines Sabotaged . | . . . . Garrisons Compromised . | . . . . Overloaded Fab Kills . | . . . . Hacking | -11 -10 -10 -9 --------- Run | Scr Mat Min Mat Machines Accessed 1 | . . . 1 Terminals 1 | . . . 1 Fabricators . | . . . . Repair Stations . | . . . . Recycling Units . | . . . . Scanalyzers . | . . . . Garrison Access . | . . . . Total Hacks 7 | . . . 7 Successful 5 | . . . 5 Failed 2 | . . . 2 Catastrophic . | . . . . Database Lockouts . | . . . . Manual 2 | . . . 2 Terminals 7 | . . . 7 Fabricators . | . . . . Repair Stations . | . . . . Recycling Units . | . . . . Scanalyzers . | . . . . Garrison Access . | . . . . Terminal Hacks 5 | . . . 5 Level Access Points 1 | . . . 1 Alert Level 1 | . . . 1 Transport Status 1 | . . . 1 Hauler Manifests 1 | . . . 1 Zone Layout 1 | . . . 1 Fabricator Hacks . | . . . . Repair Station Hacks . | . . . . Recycling Unit Hacks . | . . . . Scanalyzer . | . . . . Garrison Access Hacks . | . . . . Unauthorized Hacks . | . . . . Terminals . | . . . . Fabricators . | . . . . Repair Stations . | . . . . Recycling Units . | . . . . Scanalyzers . | . . . . Garrison Access . | . . . . Data Cores Recovered . | . . . . Used . | . . . . Hacking Detections 1 | . . . 1 Full Trace Events . | . . . . Feedback Events . | . . . . Feedback Blocked . | . . . . Robot Schematics Acquired . | . . . . Robots Built . | . . . . Authchips . | . . . . Time . | . . . . Total Robot Build Rating . | . . . . Part Schematics Acquired . | . . . . Parts Built . | . . . . Authchips . | . . . . Time . | . . . . Total Part Build Rating . | . . . . Parts Repaired . | . . . . Time . | . . . . Parts Recycled . | . . . . Recycled Matter . | . . . . Retrieved Matter . | . . . . Retrieved Components . | . . . . Parts Scanalyzed . | . . . . Part Schematics Acquired . | . . . . Parts Damaged . | . . . . Bothacking | -11 -10 -10 -9 ------------ Run | Scr Mat Min Mat Used RIF Installer . | . . . . Robots Hacked . | . . . . Non-combat . | . . . . Combat . | . . . . Robot Hacks Applied . | . . . . Relay Couplers Released . | . . . . Fabnet Peak Effective % . | . . . . Robots Rewired . | . . . . Allies Hacked . | . . . . Hacks Repelled . | . . . . Allies | -11 -10 -10 -9 -------- Run | Scr Mat Min Mat Total Allies . | . . . . Largest Group . | . . . . Highest-Rated Group . | . . . . Highest-Rated Ally . | . . . . Total Orders . | . . . . Ally Attacks . | . . . . Total Damage . | . . . . Kills . | . . . . Allies Corrupted . | . . . . Allies Melted . | . . . . Intel | -11 -10 -10 -9 ------- Run | Scr Mat Min Mat Robot Analysis Total . | . . . . Derelict Logs Recovered 1 | . . 1 . Drone Launches . | . . . . Drone Recoveries . | . . . . Exploration | -11 -10 -10 -9 ------------- Run | Scr Mat Min Mat Turns Passed 597 | 71 61 68 397 Spaces Moved 437 | 69 61 67 240 Core 6 | 3 . . 3 Treads . | . . . . Legs . | . . . . Wheels 430 | 66 61 67 236 Hover . | . . . . Flight 1 | . . . 1 Fastest Speed 50 | 50 90 90 90 Average Speed 95 | 88 90 90 100 Slowest Speed 350 | 90 90 90 350 Overloaded Moves . | . . . . Propulsion Burnouts . | . . . . Robots Hopped . | . . . . Cave-ins Triggered . | . . . . Exploration Rate (%) 12 | 4 11 15 20 Regions Visited 3 Branch Regions 1 Pre-discovered Areas . | . . . . Known Exits Taken . | . . . . Unknown Exits Taken 3 | 1 1 1 . Scrap Searched 1 | . . 1 . Spaces Dug . | . . . . Terrain Destroyed . | . . . . Melee . | . . . . Projectile . | . . . . AOE . | . . . . Terrain Rammed . | . . . . Walls Destroyed . | . . . . Machines Disabled . | . . . . Actions | -11 -10 -10 -9 --------- Run | Scr Mat Min Mat Total 544 | 76 65 74 329 Wait 35 | . . 8 27 Move 434 | 68 60 66 240 Hop . | . . . . Pick Up 10 | 2 1 . 7 Fast Attach 12 | 6 1 . 5 Attach 2 | . . . 2 Detach 3 | . 1 . 2 Swap 2 | . . . 2 Drop 4 | . 1 . 3 Fire 41 | . 1 . 40 Melee . | . . . . Ram 1 | . . . 1 Kick . | . . . . Crush . | . . . . Escape Stasis . | . . . . Rewire . | . . . . Trap . | . . . . Miscellaneous . | . . . . Route ------- -11/Scrapyard -10/Materials -10/Mines -9/Materials (discovered 3 exits: Mat x3) History --------- Turn | Location | Event 49 | -11/Scrapyard | Discovered new exit (range 13) 72 | -11/Scrapyard | Entered Materials 98 | -10/Materials | Discovered new exit (range 15) 133 | -10/Materials | Entered Mines 158 | -10/Mines | Discovered new exit (range 11) 201 | -10/Mines | Entered Materials 201 | -9/Materials | Evolved 2 slots: Utility x2 234 | -9/Materials | Identified exit to Materials 308 | -9/Materials | Build established: Mutant 598 | -9/Materials | Self-destructed Last Messages --------------- 00508_ Acquired 10 matter. 00509_ Acquired Imp. Flight Unit. 00537_ O-16 Technician: "IFF HANDSHAKE FAILED. SECURING TERMINAL." 00541_ K-01 Serf collects debris. 00548_ ALERT: Hostiles spotted, dispatching reinforcements to Terminal M005. 00548_ R-06 Scavenger collects Aluminum Leg. 00551_ R-06 Scavenger collects Ion Engine. 00554_ R-06 Scavenger collects Visual Processing Unit. 00558_ Slammed into U-05 Engineer. 00558_ R-06 Scavenger collects Lgt. Ion Engine. 00559_ S-10 Pest destroyed. 00559_ Switching to secondary target: G-34 Mercenary. 00565_ S-10 Pest destroyed. 00572_ O-16 Technician: "IFF HANDSHAKE FAILED. SECURING TERMINAL." 00576_ T-07 Excavator is excavating. 00579_ ALERT: Hostiles spotted, dispatching reinforcements to Terminal M012. 00590_ Wheel destroyed. 00594_ Tractor Beam destroyed. Map ----- +----------------------------------------------------+ | #??# # # #??????????????????????? | | #??###########% # ""#??????????????????????? | | ################%= + T"#??????????????????????? | | *! %! # ""#??????????????????????? | | % ! # #??????????????????????? | | [*%% #?????????????????????????????? | | #####+########%############??????????????????????? | | ?# # ?#%#????[[!!//#??????????????????????? | | ?# # #=#????[[!!//#??????????????????????? | | ?# # #%#???? #??????????????????????? | | ?# # /%##### ###????????????????????? | | ?# # # ## ##????????????????? | | ?# # ??# ! T????????????????? | | ?########????# b ! ???????????????? | | ?????????????#### ? ?????????????? | | ????????????????# """" """" #?????????????? | | ????????????????# """" """" #?????????????? | | ????????????????# """" """" #?????????????? | | ????????????????# #?????????????? | | ????????????????# / ????????????? | | ????????????????# g####"T"#???????????????? | | ????????????????# gs #??????????????????????? | | ????????????????+ gg #??????????????????????? | | ????????????????# #??????????????????????? | | ????????????????# #??????????????????????? | | ????????????????### #####@#??????????????????????? | | ??????????????????# #??##/##?????????????????????? | | ??????????????????# #??# #?????????????????????? | | ??????????????????# ???# Y#?????????????????????? | | ??????????????????# ???#|!! #????????????????????? | | ??????????????????# ???#|!]##????????????????????? | | ??????????????????? ???#!! #?????????????????????? | | ??????????????????? ???# #?????????????????????? | | ???????????????????????#| !#?????????????????????? | | ???????????????????????#####?????????????????????? | | ?????????????????????????????????????????????????? | | ?????????????????????????????????????????????????? | | ?????????????????????????????????????????????????? | | ?????????????????????????????????????????????????? | | ?????????????????????????????????????????????????? | | ?????????????????????????????????????????????????? | | ?????????????????????????????????????????????????? | | ?????????????????????????????????????????????????? | | ?????????????????????????????????????????????????? | | ?????????????????????????????????????????????????? | | ?????????????????????????????????????????????????? | | ?????????????????????????????????????????????????? | | ?????????????????????????????????????????????????? | | ?????????????????????????????????????????????????? | | ?????????????????????????????????????????????????? | +----------------------------------------------------+ Best States ------------- Heat Dissipation 38 Energy Generation 10 Energy Capacity 125 Matter Stores 300 Matter Capacity 300 Sight Range 16 Terrain Scan Density 10 Resistance: KI 20 Resistance: TH 20 Resistance: EX 20 Resistance: EM 20 Resistance: I 20 Resistance: S 20 Resistance: P 20 Evasion (%) 42 Offensive Hacking 10 Item Schematics ----------------- None Robot Schematics ------------------ None Fabricated ------------ Nothing Alien Tech Used ----------------- None Achievements -------------- None Challenges ------------ None Game ------ Seed ReactionSensorAutohacker Manual? 0 Play Time 00:08:22 Cumulative 18.7 hours Start 2022.04.25 @ 00:29:24 End 2022.04.25 @ 00:41:29 Sessions 1 Manual Loads 0 Difficulty Adventurer Special Mode None Game No. 29 Rogue 10 Adventurer 19 Explorer 0 Win Type - Total 0 Types 0/0/0/0/0/0/0/0/0 Lore% 26 Gallery% 25 Achievement% 26 Wizard Run 0 Options --------- ASCII 0 Keyboard 1 Movement Vi Keybinds 0 Fullscreen 2 Font 24/Smallcaps Map View 76x50 Tactical HUD 1 Map Filters NONE Filters NONE Steam 1 RUN: fe7b6ff4-a62e-44fe-ba4c-e576687d3656